 Dungeon Crawl Stone Soup version 0.30-a0-272-gf98c3da03f (webtiles) character file.

Game seed: 4039441685770596574

1731 koil the Sneak (level 8, 0/40 HPs)
             Began as a Spriggan Enchanter on Oct 16, 2022.
             Was a Follower of Okawaru.
             Slain by an orc warlord
             ... wielding a +4 battleaxe
              (26 damage)
             ... in a bailey.
             The game lasted 00:22:00 (6508 turns).

koil the Sneak (Spriggan Enchanter)                 Turns: 6508, Time: 00:22:00

Health: 0/40       AC:  4    Str:  4    XL:     8   Next: 76%
Magic:  12/17      EV: 20    Int: 21    God:    Okawaru [*.....]
Gold:   470        SH:  0    Dex: 18    Spells: 8/18 levels left

rFire   . . .      SeeInvis +    i - +4 dagger "Morg" {pain, Will+ Int+5}
rCold   . . .      Faith    .    (no shield)
rNeg    . . .      Spirit   .    m - +2 robe
rPois   .          Reflect  .    (helmet restricted)
rElec   .          Harm     .    (no cloak)
rCorr   .          Rampage  .    (gloves unavailable)
Will    ++...                    (boots unavailable)
Stlth   ++++......               (no amulet)
HPRegen 0.26/turn                (no ring)
MPRegen 0.15/turn                (no ring)

@: confusing by touch, very quick
A: very small, no large weapons, unfitting armour, see invisible, speed 3,
passive freeze, inability to drink after injury 1
a: Renounce Religion, Heroism


You were in a bailey.
You worshipped Okawaru.
Okawaru was aware of your devotion.
You visited 2 branches of the dungeon, and saw 8 of its levels.
You also visited: Bailey.

You collected 470 gold pieces.

Inventory:

Hand Weapons
 f - a +1 dagger of draining
 i - the +4 dagger "Morg" (weapon) {pain, Will+ Int+5}
   (You found it on level 2 of the Dungeon)

   In the hands of one skilled in necromantic magic, it inflicts extra damage on
   living creatures.
   Int:       It affects your intelligence (+5).
   Will:      It increases your willpower.
Armour
 m - a +2 robe (worn)
 v - a +0 robe of willpower
Wands
 k - a wand of polymorph (16)
 y - a wand of quicksilver (5)
 z - a wand of flame (25)
 D - a wand of iceblast (6)
Scrolls
 b - a scroll of blinking {unknown}
 d - a scroll of enchant armour {unknown}
 e - a scroll of teleportation
 g - a scroll of identify
 j - 2 scrolls of summoning {unknown}
 p - a scroll of fear
 A - a scroll of fog
Potions
 a - 4 potions of magic {unknown}
 c - 2 potions of invisibility
 h - a potion of ambrosia
 o - a potion of might
 r - 3 potions of brilliance
 u - 3 potions of curing
 x - a potion of haste


   Skills:
 + Level 3.3 Fighting
 + Level 4.6 Short Blades
 + Level 6.1 Dodging
 + Level 7.9 Stealth
 + Level 5.7 Spellcasting
 + Level 6.4 Hexes
 + Level 3.3 Necromancy


You had 8 spell levels left.
You knew the following spells:

 Your Spells              Type           Power      Damage    Failure   Level
a - Ensorcelled Hibernat  Hex/Ice        38%        N/A       4%          2
b - Confusing Touch       Hex            33%        N/A       2%          3
c - Necrotise             Necr           80%        1d8       2%          1
d - Dispel Undead         Necr           20%        3d11      26%         4

Your spell library contained the following spells:

 Spells                   Type           Power      Damage    Failure   Level
 Kiss of Death            Conj/Necr      52%        2d9       4%          1
 Vampiric Draining        Necr           20%        2d7       8%          3
 Dazzling Flash           Conj/Hex       38%        N/A       9%          3
 Sandblast                Erth           12%        2d6       10%         1
 Shock                    Conj/Air       24%        1d4       10%         1
 Passwall                 Tmut/Erth      5%         N/A       16%         2
 Gell's Gravitas          Tloc           6%         N/A       30%         3
 Stone Arrow              Conj/Erth      12%        3d7       30%         3
 Swiftness                Air            6%         N/A       30%         3
 Teleport Other           Tloc           6%         N/A       30%         3
 Agony                    Necr           20%        N/A       56%         5
 Airstrike                Air            3%         2d(1-17)  69%         4
 Dispersal                Tloc           3%         N/A       100%        6
 Tukima's Dance           Hex            Unusable   N/A       N/A         3

Dungeon Overview and Level Annotations

Branches:
Dungeon (7/15)             Temple (1/1) D:6          Bailey (1/1)

Altars:
Ashenzari
Cheibriados
Dithmenos
Elyvilon
Fedhas
Hepliaklqana
Kikubaaqudgha
Makhleb
Nemelex Xobeh
Okawaru
Qazlal
Ru
Sif Muna
Trog
Uskayaw
Vehumet
Wu Jian
Xom
Yredelemnul
Zin

Shops:
D:7 !


Innate Abilities, Weirdness & Mutations

You are very small and have problems with some larger weapons.
You are too small for most types of armour.
You have supernaturally acute eyesight. (SInv)
You cover ground extremely quickly. (Speed+++)
A frigid envelope surrounds you and freezes all who hurt you.
You occasionally lose the ability to drink potions when taking damage.


Message History

2 boomerangs; a kobold skeleton
Things that are here:
a +0 war axe; a +0 leather armour
There is an open gate here.
There is an empty arch of ancient stone here.
There is an open gate here.
You see here 2 boomerangs.
There is an open door here.
There is an open door here.
Could not explore, unopened runed door.
This spell is quite dangerous to cast!
Memorise Dispel Undead, consuming 4 spell levels and leaving 8?
You start memorising the spell.
You continue memorising. x4
You finish memorising.
Spell assigned to 'd'.
You open the gate.
There is an open translucent gate here.
You enter the shallow water.
Moving in this stuff is going to be slow.
Casting: Ensorcelled Hibernation (safe; 4% risk of failure)
Confirm with . or Enter, or press ? or * to list all spells.
Aiming: Ensorcelled Hibernation (safe; 4% risk of failure)
Press: ? - help, Shift-Dir - straight line, f - orc warlord
Aim: an orc warlord, wielding a +4 battleaxe and wearing a +0 chain mail (chance to affect: 19%)
The orc warlord looks drowsy...
The orc warlord shouts!
You closely miss the goblin. The goblin completely misses you.
You hit the goblin.
You kill the goblin!
Okawaru accepts your kill.
Casting: Ensorcelled Hibernation (safe; 4% risk of failure)
Confirm with . or Enter, or press ? or * to list all spells.
Your hands begin to glow red.
The orc warlord hits you with a +4 battleaxe!
The orc warlord is very cold.
The orc warlord is lightly wounded.
You hit the orc warlord but do no damage.
The orc warlord is lightly wounded.
The orc warlord hits you with a +4 battleaxe!!
Ouch! That really hurt!
You die...

#.........()..)()'.(..8..8..#≈≈
#...8......#########........#≈≈
##......####~~~#~~~##(.....##≈≈
##.....#~~#~.....}~#.....##...
##....#~........!~#)().##....
#...##~8.8...8.8##....#)....
#...'~~.........#.....'.....
#...'~~....∩....#.....'...∩.
#...'~~....@o...#.(...'.....
#...##~8.8...8.8##....#.....
##....#~........!~#....##....
##.....#~~#~.....[~#)....##...
##......####~~~#~~~##......##≈≈
#...8......#########()(.....#≈≈
#..........'.....'....8..8..#≈≈
#.....(....#~~~~~#..........#≈≈
##..8..8...#~~~~~#.........##≈≈


You could see an orc warlord.

Vanquished Creatures
  An orc knight (Bailey)
  Sigmund (D:2)
  A steam dragon (D:6)
  2 orc warriors (Bailey)
  An ogre (D:5)
  A kobold brigand (D:4)
  A necrophage (D:6)
  A scorpion (D:6)
  A howler monkey (D:5)
  A hound (D:6)
  A gnoll bouda (D:5)
  An iguana (D:6)
  Natasha (thrice) (D:2)
  2 orc wizards
  A hound skeleton (D:2)
  6 gnolls
  7 adders
  An ufetubus (D:7)
  2 worms
  A dart slug (D:5)
  20 orcs
  4 ball pythons
  7 bats
  A bat skeleton (D:2)
  5 endoplasms
  2 giant cockroaches (D:1)
  11 hobgoblins
  14 jackals
  23 kobolds
  2 quokkas
  2 ball python zombies (D:2)
  A bat simulacrum (D:2)
  4 frilled lizards
  13 goblins
  A quokka skeleton (D:2)
  11 rats
157 creatures vanquished.

Vanquished Creatures (others)
  2 orcs (D:6)
  15 withered plants (D:2)
17 creatures vanquished.

Grand Total: 174 creatures vanquished

Notes
Turn   | Place    | Note
-------+----------+-------------------------------------------
     0 | D:1      | koil the Spriggan Enchanter began the quest for the Orb.
     0 | D:1      | Reached XP level 1. HP: 9/9 MP: 5/5
   175 | D:1      | Reached XP level 2. HP: 13/13 MP: 6/6
   248 | D:1      | Learned a level 2 spell: Ensorcelled Hibernation
   736 | D:1      | Reached XP level 3. HP: 1/17 MP: 5/8
   740 | D:1      | Learned a level 3 spell: Confusing Touch
   869 | D:1      | Found a faded altar of an unknown god.
  1212 | D:2      | Reached skill level 5 in Stealth
  1290 | D:2      | Reached XP level 4. HP: 15/21 MP: 9/9
  1331 | D:2      | Noticed Natasha
  1356 | D:2      | Killed Natasha
  1357 | D:2      | Reached skill level 1 in Fighting
  1504 | D:2      | Found the +4 dagger "Morg" {pain, Will+ Int+5}
  1570 | D:2      | Learned a level 1 spell: Necrotise
  1676 | D:2      | Noticed Natasha
  1682 | D:2      | Killed Natasha
  1683 | D:2      | Reached XP level 5. HP: 25/25 MP: 8/11
  1778 | D:2      | Noticed Natasha
  1785 | D:2      | Killed Natasha
  1913 | D:2      | Noticed Sigmund
  1931 | D:2      | Killed Sigmund
  1932 | D:2      | Reached skill level 1 in Necromancy
  1932 | D:2      | Reached XP level 6. HP: 25/30 MP: 9/13
  2037 | D:3      | Found an ornate altar of the Wu Jian Council.
  2221 | D:3      | Reached skill level 6 in Stealth
  2496 | D:3      | Found a shadowy altar of Dithmenos.
  2502 | D:3      | Reached skill level 5 in Hexes
  2576 | D:3      | Found a glowing silver altar of Zin.
  2598 | D:3      | Found a hazy altar of Hepliaklqana.
  2750 | D:3      | Found a bloodstained altar of Trog.
  3063 | D:4      | Found a burning altar of Makhleb.
  3480 | D:4      | HP: 1/30 [kobold brigand/sling bullet (3)]
  3572 | D:4      | Reached XP level 7. HP: 22/35 MP: 11/14
  3763 | D:5      | Entered Level 5 of the Dungeon
  4819 | D:5      | Reached skill level 5 in Dodging
  5093 | D:6      | Found a staircase to the Ecumenical Temple.
  5290 | D:6      | Noticed a steam dragon
  5298 | D:6      | Killed a steam dragon
  5299 | D:6      | Reached skill level 7 in Stealth
  5299 | D:6      | Reached skill level 5 in Spellcasting
  5299 | D:6      | Reached XP level 8. HP: 29/39 MP: 9/16
  5587 | D:7      | Found a flagged portal.
  5638 | D:7      | Found Jedduul's Distillery.
  5708 | Temple   | Entered the Ecumenical Temple
  5735 | Temple   | Became a worshipper of Warmaster Okawaru
  5910 | Temple   | Gained mutation: You are frail. (-10% HP) [potion of
                  | mutation]
  5910 | Temple   | Gained mutation: Your flesh is heat resistant. (rF+)
                  | [potion of mutation]
  5911 | Temple   | Lost mutation: You are frail. (-10% HP) [potion of
                  | mutation]
  5911 | Temple   | Lost mutation: Your flesh is heat resistant. (rF+) [potion
                  | of mutation]
  5911 | Temple   | Gained mutation: Your flesh is heat resistant. (rF+)
                  | [potion of mutation]
  5911 | Temple   | Gained mutation: You are partially covered in large bone
                  | plates. (SH +4) [potion of mutation]
  5912 | Temple   | Lost mutation: Your flesh is heat resistant. (rF+) [potion
                  | of mutation]
  5912 | Temple   | Lost mutation: You are partially covered in large bone
                  | plates. (SH +4) [potion of mutation]
  5912 | Temple   | Gained mutation: Your spells are a little harder to cast,
                  | but a little more powerful. [potion of mutation]
  5912 | Temple   | Gained mutation: Your system is resistant to poisons.
                  | (rPois) [potion of mutation]
  5913 | Temple   | Lost mutation: Your spells are a little harder to cast, but
                  | a little more powerful. [potion of mutation]
  5913 | Temple   | Lost mutation: Your system is resistant to poisons. (rPois)
                  | [potion of mutation]
  5913 | Temple   | Gained mutation: You occasionally lose the ability to drink
                  | potions when taking damage. [potion of mutation]
  5913 | Temple   | Gained mutation: A frigid envelope surrounds you and
                  | freezes all who hurt you. [potion of mutation]
  6062 | Bailey   | Entered a bailey
  6067 | Bailey   | Noticed an orc warlord
  6140 | Bailey   | Noticed an orc knight
  6161 | Bailey   | Killed an orc knight
  6161 | Bailey   | Reached * piety under Okawaru
  6317 | Bailey   | Found a runed translucent gate.
  6318 | Bailey   | Found a runed translucent gate.
  6319 | Bailey   | Found a runed translucent gate.
  6490 | Bailey   | Learned a level 4 spell: Dispel Undead
  6508 | Bailey   | Slain by an orc warlord

Illustrated notes

Levels and vault maps discovered:
D:1:      sevenhm_arrival_forest_fort_small_5, layout_basic,
          shapermc_ecumenical_altar_notcrosses, nicolae_eternal_life,
          palyth_stone_intersect
D:2:      layout_basic, chequers_jeans, dilly_guarded_unrand_morg, uniq_sigmund
D:3:      layout_loops_ring, mainiacjoe_overflow_small_starburst,
          nicolae_overflow_quartered_altars, eino_tiny_chamber
D:4:      cheibrodos_thug_alley, layout_basic, overflow_temple_1_default
D:5:      layout_basic
D:6:      layout_rooms, minmay_temple_entry_drinking_statues,
          kennysheep_cross_bottleneck, grunt_ministairs_9
D:7:      layout_basic, serial_shops, nicolae_shop_statue_plus, enter_bailey_2
Temple:   compressed_dpeg_triangle_lava_temple
Bailey:   bailey_axe_bossmonster_kennysheep, bailey

Skill      XL: |  1  2  3  4  5  6  7  8 |
---------------+-------------------------+-----
Dodging        | 3 4 5 6 |  6.1
Spellcasting   | 3 4 5 |  5.7
Hexes          | 4 5 6 |  6.4
Stealth        | 5 6 7 |  7.9
Fighting       | 1 2 3 |  3.3
Short Blades   | 2 3 4 |  4.6
Necromancy     | 1 2 3 |  3.3

Action                   |  1- 3 |  4- 6 |  7- 9 || total
-------------------------+-------+-------+-------++-------
Melee: Dagger            |   135 |   189 |   131 ||   455
       Punch             |     5 |     2 |     6 ||    13
 Cast: Ensorcelled Hiber |     4 |     3 |    32 ||    39
       Confusing Touch   |       |     6 |     3 ||     9
  Use: Potion            |       |     1 |    13 ||    14
       Scroll            |       |       |    10 ||    10
 Stab: Sleeping          |    15 |    17 |    17 ||    49
       Confused          |       |     3 |     2 ||     5
       Distracted        |       |     1 |     1 ||     2
Armor: Robe              |    18 |    29 |     8 ||    55
Dodge: Dodged            |   130 |   182 |    94 ||   406

Table legend: (Time is in decaauts)
 A = Elapsed time spent in this place.
 B = Non-inter-level travel time spent in this place.
 C = Inter-level travel time spent in this place.
 D = Time resting spent in this place.
 E = Time spent auto-exploring this place.
 F = Levels seen in this place.
 G = Mean time per level.
                   A        B        C        D        E       F      G
               +--------+--------+--------+--------+--------+-----+--------+
         Total |   4717 |   4564 |    153 |    643 |   2888 |   9 |  524.1 |
       Dungeon |   4171 |   4020 |    151 |    480 |   2706 |   7 |  595.9 |
        Temple |    194 |    192 |      2 |     75 |     45 |   1 |  194.0 |
        Bailey |    351 |    351 |      0 |     87 |    136 |   1 |  351.0 |
               +--------+--------+--------+--------+--------+-----+--------+

Top non-repeatable levels by time:
     D:5: 878 daAuts
     D:1: 774 daAuts
     D:2: 644 daAuts
     D:4: 613 daAuts
     D:3: 603 daAuts
     D:6: 484 daAuts
  Bailey: 351 daAuts
  Temple: 194 daAuts
     D:7: 172 daAuts
